 Dungeon Crawl Stone Soup version 0.28-a0-802-g09f76e8c00 (webtiles) character file.

Game seed: 17286324542450142086

90 flotson the Sneak (level 4, -6/37 HPs)
             Began as a Demonspawn Delver on Nov 7, 2021.
             Mangled by Terence (7 damage)
             ... on level 2 of the Dungeon.
             The game lasted 00:03:42 (1953 turns).

flotson the Sneak (Demonspawn Delver)               Turns: 1953, Time: 00:03:43

Health: -6/37      AC:  5    Str: 13    XL:     4   Next: 32%
Magic:  4/4        EV: 11    Int: 12    God:
Gold:   63         SH:  0    Dex: 16    Spells: 3/3 levels left

rFire   . . .      SeeInvis .   a - +0 hand axe
rCold   . . .      Faith    .   (no shield)
rNeg    . . .      Spirit   .   k - +0 ring mail
rPois   .          Reflect  .   (no helmet)
rElec   .          Harm     .   (no cloak)
rCorr   .          Rampage  .   (no gloves)
Will    .....                   (no boots)
Stlth   +++.......              (no amulet)
HPRegen 0.12/turn               (no ring)
MPRegen 0.09/turn               (no ring)

@: flying
A: thin skeletal structure 1
a: no special abilities


You were on level 2 of the Dungeon.
You visited 1 branch of the dungeon, and saw 5 of its levels.

You collected 63 gold pieces.

Inventory:

Hand Weapons
 a - a +0 hand axe (weapon)
 b - a +0 hunting sling
Armour
 k - a +0 ring mail (worn)
Wands
 g - a wand of digging (2)
Scrolls
 c - 2 scrolls of fog
 d - a scroll of enchant weapon {unknown}
 h - 2 scrolls of teleportation {unknown}
 j - a scroll of holy word {unknown}
Potions
 i - a potion of brilliance {unknown}


   Skills:
 + Level 3.8 Fighting
 - Level 1.7 Axes
 + Level 0.6 Throwing
 + Level 1.8 Armour
 + Level 2.7 Dodging
 - Level 4.5 Stealth


You had 3 spell levels left.
You didn't know any spells.
Your spell library was empty.

Dungeon Overview and Level Annotations

Branches:
Dungeon (5/15)
 Temple: D:4-7

Altars:

Annotations:
D:2 Terence
D:4 Pikel


Innate Abilities, Weirdness & Mutations

You have a somewhat thin skeletal structure. (Dex +2, Stealth+)


Message History

You hit the giant cockroach.
The giant cockroach is heavily wounded.
The giant cockroach bites you but does no damage.
You hit the giant cockroach.
You kill the giant cockroach!
Terence closely misses you.
You hit Terence.
Terence is moderately wounded.
Terence hits you with a +0 hand axe!
You barely miss Terence.
Terence is moderately wounded.
Terence hits you with a +0 hand axe.
You hit Terence but do no damage.
Terence is moderately wounded.
Terence barely misses you.
You hit Terence but do no damage.
Terence is moderately wounded.
Terence hits you with a +0 hand axe.
You hit Terence.
Terence is heavily wounded.
Terence closely misses you. Terence hits you with a +0 hand axe.
You barely miss Terence.
Terence is heavily wounded.
Terence hits you with a +0 hand axe.
You hit Terence.
Terence is heavily wounded.
Terence hits you with a +0 hand axe!
* * * LOW HITPOINT WARNING * * *
You closely miss Terence.
Terence is heavily wounded.
Terence hits you with a +0 hand axe.
* * * LOW HITPOINT WARNING * * *
Okay, then.
Unknown command.
Okay, then.
Unknown command.
It was a potion of flight.
You feel very buoyant.
You fly up into the air.
Terence hits you with a +0 hand axe!
You die...

######## #......# ######
#......# #######....#
#......# ...†...##..#
#......# ######.##..##
#......#
#......######......######
#####......@@.#.##......#
##.#..#####.##......#
#.#..# #.##......#
#.#...# #.##......#
#.#....##...(......#
#>.........(...#####
.......<.......# #.B
.......((......# #....
..............#


You could see Terence.

Vanquished Creatures
  A hound (D:4)
  A worm (D:3)
  2 ball pythons (D:1)
  2 endoplasms (D:2)
  8 giant cockroaches
  8 hobgoblins
  4 jackals (D:2)
  3 quokkas
  4 bats
  2 frilled lizards (D:1)
  2 goblins (D:1)
  7 kobolds
  5 rats
49 creatures vanquished.

Notes
Turn   | Place    | Note
-------+----------+-------------------------------------------
     0 | D:5      | flotson the Demonspawn Delver began the quest for the Orb.
     0 | D:5      | Reached XP level 1. HP: 18/18 MP: 1/1
    19 | D:5      | Noticed a necrophage
    27 | D:4      | Noticed a hound
    37 | D:4      | Killed a hound
    38 | D:4      | Reached skill level 1 in Armour
    38 | D:4      | Gained mutation: You have a somewhat thin skeletal
                  | structure. (Dex +2, Stealth+) [demonic ancestry]
    38 | D:4      | Reached XP level 2. HP: 18/24 MP: 2/2
    38 | D:4      | Reached XP level 3. HP: 22/29 MP: 3/3
   167 | D:4      | Noticed Pikel
   167 | D:4      | Noticed a lemure
   167 | D:4      | Noticed a lemure
   197 | D:4      | Noticed a steam dragon
   441 | D:2      | Noticed an ogre
   950 | D:1      | Found a faded altar of an unknown god.
  1125 | D:1      | Reached XP level 4. HP: 33/37 MP: 4/4
  1924 | D:2      | Noticed Terence
  1952 | D:2      | HP: 1/37 [Terence (5)]
  1953 | D:2      | Mangled by Terence

Illustrated notes

Levels and vault maps discovered:
D:1:      dpeg_arrival_three_bigger_balls, layout_loops_ring,
          hellmonk_ecumenical_altar_heavens_door, st_stairs_10
D:2:      layout_rooms, minmay_worlds_worst_comb, uniq_terence
D:3:      layout_basic, uniq_sigmund
D:4:      layout_basic, uniq_grinder, uniq_menkaure, uniq_pikel
D:5:      layout_cave_pools, minmay_checkerbox

Skill      XL: |  1 |
---------------+----+-----
Armour         | 1 |  1.8
Dodging        | 2 |  2.7
Fighting       | |  3.8
Axes           | |  1.7
Throwing       | |  0.6
Stealth        | |  4.5

Action                   |  1- 3 |  4- 6 || total
-------------------------+-------+-------++-------
Melee: Hand axe          |    89 |    47 ||   136
 Fire: Hunting sling     |    23 |    51 ||    74
Evoke: Wand              |     1 |       ||     1
  Use: Potion            |     1 |     1 ||     2
       Scroll            |     1 |     1 ||     2
 Stab: Sleeping          |     7 |       ||     7
Armor: Leather armour    |    22 |       ||    22
       Ring mail         |       |    30 ||    30
Dodge: Dodged            |    56 |    51 ||   107

Table legend: (Time is in decaauts)
 A = Elapsed time spent in this place.
 B = Non-inter-level travel time spent in this place.
 C = Inter-level travel time spent in this place.
 D = Time resting spent in this place.
 E = Time spent auto-exploring this place.
 F = Levels seen in this place.
 G = Mean time per level.
                   A        B        C        D        E       F      G
               +--------+--------+--------+--------+--------+-----+--------+
         Total |   1975 |   1861 |    114 |    146 |   1162 |   5 |  395.0 |
       Dungeon |   1975 |   1861 |    114 |    146 |   1162 |   5 |  395.0 |
               +--------+--------+--------+--------+--------+-----+--------+

Top non-repeatable levels by time:
     D:1: 1247 daAuts
     D:2: 424 daAuts
     D:4: 182 daAuts
     D:3: 93 daAuts
     D:5: 27 daAuts
